 Dungeon Crawl Stone Soup version 0.26.0-7-g794d0892b4 (webtiles) character file.

Game seed: 9731405904646119764

154 jackrogers the Insei (level 5, 0/48 HPs)
             Began as a Kobold Monk on Jan 12, 2021.
             Succumbed to an adder's poison
             ... on level 3 of the Dungeon.
             The game lasted 00:03:21 (3001 turns).

jackrogers the Insei (Kobold Monk)                  Turns: 3001, Time: 00:03:22

Health: 0/48       AC: 22    Str:  9    XL:     5   Next: 62%
Magic:  5/5        EV:  3    Int: 12    God:
Gold:   102        SH:  5    Dex: 17    Spells: 4/4 levels left

rFire    . . .     SeeInvis .   h - +1 dagger (speed)
rCold    . . .     Faith    .   j - +0 buckler
rNeg     + + +     Spirit   .   (armour currently unavailable)
rPois    +         Reflect  .   (helmet currently unavailable)
rElec    .         Harm     .   (cloak currently unavailable)
rCorr    .         Rampage  .   (gloves currently unavailable)
Will     .....     NoTele   +   (boots currently unavailable)
Stlth    +++.......             (no amulet)
HPRegen  0.16/turn              (no ring)
MPRegen  0.09/turn              (no ring)

@: lethally poisoned (0 -> -4), tree-form, attractive
A: small, nightstalker 3
a: no special abilities


You were on level 3 of the Dungeon.
You were a tree.
You visited 1 branch of the dungeon, and saw 3 of its levels.

You collected 102 gold pieces.

Inventory:

Hand Weapons
 h - a +1 dagger of speed (weapon)
   (You found it on level 1 of the Dungeon)
Armour
 a - a +0 robe (melded)
 j - a +0 buckler (worn)
   (You found it on level 1 of the Dungeon)
Jewellery
 k - a cursed -4 ring of strength {unknown}
   (You found it on level 2 of the Dungeon)
 m - an uncursed ring of flight {unknown}
   (You found it on level 2 of the Dungeon)
Scrolls
 c - a scroll of enchant armour {unknown}
 f - a scroll of fear
Potions
 b - 2 potions of lignification {!q}
 g - 2 potions of degeneration {!q}


   Skills:
 - Level 3.2 Fighting
 - Level 4.1 Dodging
 - Level 2.6 Stealth
 + Level 1.6 Shields
 * Level 5.1 Unarmed Combat


You had 4 spell levels left.
You didn't know any spells.
Your spell library was empty.

Dungeon Overview and Level Annotations

Branches:
Dungeon (3/15)

Altars:
Ru


Innate Abilities, Weirdness & Mutations

You are small and have problems with some larger weapons.
You are completely attuned to the shadows.


Message History

You hit the gnoll. The gnoll closely misses you.
The gnoll hits you with a +0 whip. The gnoll hits you.
You hit the gnoll but do no damage. The gnoll hits you with a +0 whip.
The gnoll misses you. The gnoll hits you.
Warning x3: The gnoll can hit for moderate damage in melee, and throws nets! x3
The gnoll throws a throwing net.
The throwing net misses you.
You see here a gnoll corpse.
The adder closely misses you.
You barely miss the adder. The adder barely misses you.
You barely miss the gnoll. The adder closely misses you. The gnoll misses you.
The adder barely misses you.
Warning x3: The gnoll can hit for moderate damage in melee, and throws nets! x3
You hit the gnoll. The gnoll hits you but does no damage. The adder bites you.
You are poisoned.
The adder poisons you!
You hit the adder but do no damage.
You feel sick. The adder barely misses you.
Unknown command.
Warning x3: The gnoll can hit for moderate damage in melee, and throws nets! x3
You hit the adder. The adder completely misses you.
You hit the gnoll but do no damage.
You feel sick. The gnoll closely misses you.
You closely miss the gnoll. You block the adder's attack.
You hit the gnoll. You block the adder's attack.
You hit the gnoll. The adder closely misses you.
Warning x3: The gnoll can hit for moderate damage in melee, and throws nets! x3
You miss the adder.
You feel sick. The adder bites you.
* * * LOW HITPOINT WARNING * * *
You are more poisoned.
The adder poisons you!
Warning x2: The gnoll can hit for moderate damage in melee, and throws nets! x2
It was a potion of attraction.
You feel attractive to monsters.
You feel sick. You block the adder's attack. The adder bites you.
* * * LOW HITPOINT WARNING * * *
You are more poisoned.
The adder poisons you! The gnoll is pulled toward you!
Warning x2: The gnoll can hit for moderate damage in melee, and throws nets! x2
It was a potion of heal wounds.
You feel much better.
You feel sick. The gnoll hits you with a +0 club! You block the adder's attack.
You hit the gnoll.
You feel sick. The gnoll closely misses you. The adder bites you.
You feel sick.
Warning x3: The gnoll can hit for moderate damage in melee, and throws nets! x3
You hit the adder.
You feel sick. The adder bites you but does no damage.
Warning x2: The gnoll can hit for moderate damage in melee, and throws nets! x2
You barely miss the adder. The adder bites you.
You hit the adder.
* * * LOW HITPOINT WARNING * * *
You feel sick. You block the adder's attack.
You closely miss the adder. The adder barely misses you.
You closely miss the adder.
* * * LOW HITPOINT WARNING * * *
You feel sick. The adder bites you.
* * * LOW HITPOINT WARNING * * *
You are more poisoned.
The adder poisons you!
Warning x2: The gnoll can hit for moderate damage in melee, and throws nets! x2
It was a potion of lignification.
You turn into a tree.
Your +0 robe melds into your body.
Your roots penetrate the ground.
* * * LOW HITPOINT WARNING * * *
You feel sick. The adder bites you but does no damage.
You closely miss the adder. You block the adder's attack.
You miss the adder.
* * * LOW HITPOINT WARNING * * *
You feel sick. The adder bites you.
* * * LOW HITPOINT WARNING * * *
The gnoll barely misses you.
Unknown command.
Warning x3: The gnoll can hit for moderate damage in melee, and throws nets! x3
You hit the adder but do no damage.
* * * LOW HITPOINT WARNING * * *
You feel sick. The adder bites you but does no damage.
The gnoll hits you but does no damage.
Warning x2: The gnoll can hit for moderate damage in melee, and throws nets! x2
Your shield prevents you from hitting the adder.
The adder bites you but does no damage. The gnoll hits you but does no damage.
You barely miss the adder.
* * * LOW HITPOINT WARNING * * *
You feel sick. The adder bites you but does no damage.
Warning x3: The gnoll can hit for moderate damage in melee, and throws nets! x3
You hit the adder but do no damage. The gnoll hits you with a +0 whip.
* * * LOW HITPOINT WARNING * * *
The adder bites you but does no damage.
Warning x2: The gnoll can hit for moderate damage in melee, and throws nets! x2
You completely miss the adder.
* * * LOW HITPOINT WARNING * * *
You feel sick. The adder completely misses you. The gnoll barely misses you.
You closely miss the adder. You block the adder's attack.
Warning x3: The gnoll can hit for moderate damage in melee, and throws nets! x3
You barely miss the adder.
* * * LOW HITPOINT WARNING * * *
You feel sick. The gnoll hits you but does no damage.
The adder bites you but does no damage.
Warning x2: The gnoll can hit for moderate damage in melee, and throws nets! x2
You hit the gnoll but do no damage. The gnoll barely misses you.
You hit the gnoll. The adder bites you but does no damage.
Warning x3: The gnoll can hit for moderate damage in melee, and throws nets! x3
You closely miss the gnoll.
You die...

#..... ##....# .
#.)....##.. #...........
#...........
#....†....#.
#.....#.g......S......#>
#..(..#♣#.............#.
#.....#S#....(..........
###...gg...........†....
#.............###......
#.....###....÷..##.....
#...............##.....
#.......#......(.......
#.......#...÷.)÷......#
............†........#


You could see 3 gnolls and an adder.

Vanquished Creatures
  An orc wizard (D:2)
  Jessica (D:2)
  A gnoll (D:3)
  3 adders
  2 worms
  A dart slug (D:1)
  A leopard gecko (D:1)
  2 ball pythons (D:2)
  4 bats
  A giant cockroach (D:1)
  10 goblins
  5 hobgoblins
  7 jackals (D:2)
  2 frilled lizards
  7 kobolds
  4 rats
52 creatures vanquished.

Vanquished Creatures (others)
  An orc (D:3)
1 creature vanquished.

Grand Total: 53 creatures vanquished

Notes
Turn   | Place    | Note
-------+----------+-------------------------------------------
     0 | D:1      | jackrogers the Kobold Monk began the quest for the Orb.
     0 | D:1      | Reached XP level 1. HP: 14/14 MP: 1/1
   301 | D:1      | Reached XP level 2. HP: 19/19 MP: 2/2
   559 | D:1      | Reached skill level 4 in Dodging
   848 | D:1      | Reached XP level 3. HP: 23/23 MP: 3/3
  1063 | D:2      | Found a sacrificial altar of Ru.
  1066 | D:2      | Reached skill level 4 in Unarmed Combat
  1418 | D:2      | Reached XP level 4. HP: 23/28 MP: 4/4
  1498 | D:2      | Noticed Jessica
  1506 | D:2      | Killed Jessica
  1507 | D:2      | Reached skill level 1 in Shields
  1897 | D:2      | Reached XP level 5. HP: 19/32 MP: 5/5
  2623 | D:3      | Reached skill level 5 in Unarmed Combat
  2980 | D:3      | HP: 8/32 [poisoned by an adder]
  2988 | D:3      | HP: 8/32 [poisoned by an adder]
  2994 | D:3      | HP: 5/48 [poisoned by an adder]
  2996 | D:3      | HP: 2/48 [poisoned by an adder]
  3001 | D:3      | Succumbed to an adder's poison

Illustrated notes

Levels and vault maps discovered:
D:1:      matt_arrival_refuge, layout_rooms
D:2:      layout_loops_corners, nicolae_ru_great_annihilating_truth,
          uniq_jessica
D:3:      layout_basic, grunt_ministairs_3, lemuel_another_geyser

Skill      XL: |  1  2  3  4  5 |
---------------+----------------+-----
Dodging        | 4 |  4.1
Unarmed Combat | 4 5 |  5.1
Shields        | 1 |  1.6
Fighting       | |  3.2
Stealth        | |  2.6

Action                   |  1- 3 |  4- 6 || total
-------------------------+-------+-------++-------
Melee: Unarmed           |    45 |       ||    45
       Punch             |     1 |       ||     1
       Dagger            |    53 |   181 ||   234
  Use: Scroll            |       |     4 ||     4
       Potion            |       |     3 ||     3
 Stab: Sleeping          |    14 |     6 ||    20
       Paralysed         |     1 |       ||     1
Armor: Robe              |     4 |    10 ||    14
       Skin              |       |    10 ||    10
Dodge: Dodged            |    47 |    93 ||   140
Block: Buckler           |     9 |    21 ||    30

Table legend: (Time is in decaauts)
 A = Elapsed time spent in this place.
 B = Non-inter-level travel time spent in this place.
 C = Inter-level travel time spent in this place.
 D = Time resting spent in this place.
 E = Time spent auto-exploring this place.
 F = Levels seen in this place.
 G = Mean time per level.
                   A        B        C        D        E       F      G
               +--------+--------+--------+--------+--------+-----+--------+
         Total |   2925 |   2888 |     37 |    769 |   1709 |   3 |  975.0 |
       Dungeon |   2925 |   2888 |     37 |    769 |   1709 |   3 |  975.0 |
               +--------+--------+--------+--------+--------+-----+--------+

Top non-repeatable levels by time:
     D:2: 1492 daAuts
     D:1: 1026 daAuts
     D:3: 406 daAuts

Table legend:
 A = Kills in this place as a percentage of kills in entire the game.
 B = Kills by you in this place as a percentage of kills by you in the entire game.
 C = Kills by friends in this place as a percentage of kills by friends in the entire game.
 D = Other kills in this place as a percentage of other kills in the entire game.
 E = Experience gained in this place as a percentage of experience gained in the entire game.
 F = Experience gained in this place divided by the number of levels of this place that you have seen.
                   A       B       C       D       E      F
               +-------+-------+-------+-------+-------+----------------------
         Total | 100.0 | 100.0 |   N/A |   N/A | 100.0 |  73.3
       Dungeon | 100.0 | 100.0 |   N/A |   N/A | 100.0 |  73.3
               +-------+-------+-------+-------+-------+----------------------
